 Dungeon Crawl Stone Soup version 0.19.4-8-ga85b6b9 (webtiles) character file.

38 Delusionist the Insei (level 3, -8/29 HPs)
             Began as a Demonspawn Chaos Knight on Feb 9, 2017.
             Mangled by a gnoll
             ... wielding a +0 spear
              (10 damage)
             ... on level 2 of the Dungeon.
             The game lasted 00:06:08 (1561 turns).

Delusionist the Insei (Demonspawn Chaos Knight)     Turns: 1561, Time: 00:06:08

Health: -8/29      AC:  7    Str: 12    XL:     3   Next: 25%
Magic:  3/3        EV: 11    Int: 13    God:    Xom [..*...]
Gold:   58         SH:  0    Dex: 13    Spells: 0 memorised, 2 levels left

rFire  + . .     SeeInvis .       - Unarmed
rCold  + . .     Gourm    .     a - +2 leather armour
rNeg   . . .     Faith    .     (no shield)
rPois  +         Spirit   .     (no helmet)
rElec  +         Reflect  .     (no cloak)
rCorr  +         Harm     .     (no gloves)
MR     .....                    (no boots)
Stlth  +.........               (no amulet)
                                (no ring)
                                (no ring)

@: lethally poisoned (-8 -> -11), resistant
A: iridescent scales 1, powered by death 1
a: Renounce Religion


You were on level 2 of the Dungeon.
You worshipped Xom.
You were a toy of Xom.
You were not hungry.

You visited 1 branch of the dungeon, and saw 2 of its levels.

You collected 58 gold pieces.

Inventory:

Hand Weapons
 g - a +1 club
Armour
 a - a +2 leather armour (worn)
Scrolls
 f - a scroll of enchant weapon
Comestibles
 b - a bread ration
 c - a beef jerky
 h - 4 chunks of flesh


   Skills:
 - Level 3.3 Fighting
 - Level 2.0 Armour
 - Level 1.1 Dodging
 + Level 3.5 Unarmed Combat


You had 2 spell levels left.
You didn't know any spells.

Dungeon Overview and Level Annotations

Branches:
Dungeon (2/15)

Altars:


Innate Abilities, Weirdness & Mutations

You are partially covered in iridescent scales. (AC +2)
You regenerate a little health from kills.


Message History

Unknown command.
You closely miss the adder.
The adder is moderately wounded.
The adder bites you.
* * * LOW HITPOINT WARNING * * *
The adder closely misses you.
Unknown command.
You barely miss the adder.
The adder is moderately wounded.
* * * LOW HITPOINT WARNING * * *
You feel sick. The adder bites you.
* * * LOW HITPOINT WARNING * * *
You miss the adder.
The adder is moderately wounded.
The gnoll completely misses you. The adder bites you but does no damage.
You hit the adder. Your punch misses the adder.
The adder is almost dead.
The adder barely misses you.
The gnoll hits you from afar with a spear!
You die...

.....% .#..#
.#..# #.... ...#
#.#.# ##..# #.#.#
# ##...# #.#.# #
....#g...####.#.#
.#
......g.gwggw...#
###.#
...#g###.###S##.#
#... #.#
#@##.###.### #.#
#.##.......# #.#
#.######.#.# #.#
#.# #.#.# #.#
#.######.#.# .$.
...........#
#########..# #..#
#######..#


You could see a worm (inner flame), a gnoll and an adder (inner flame).

Vanquished Creatures
  3 dart slugs (D:1)
  A ball python (D:1)
  A giant cockroach (D:1)
  6 hobgoblins
  4 jackals (D:1)
  4 bats (D:1)
  2 frilled lizards
  4 goblins (D:1)
  6 rats
31 creatures vanquished.

Notes
Turn   | Place    | Note
-------+----------+-------------------------------------------
     0 | D:1      | Delusionist the Demonspawn Chaos Knight began the quest for the Orb.
     0 | D:1      | Reached XP level 1. HP: 18/18 MP: 1/1
    20 | D:1      | XOM: potion effect (brilliance)
   123 | D:1      | Gained mutation: You regenerate a little health from kills. [demonic ancestry]
   123 | D:1      | Reached XP level 2. HP: 15/24 MP: 2/2
   180 | D:1      | Reached skill level 1 in Dodging
   541 | D:1      | XOM: potion effect (invisibility)
   565 | D:1      | XOM: harmless Necr miscast
   735 | D:1      | XOM: harmless Erth miscast
   752 | D:1      | Gained mutation: You are partially covered in iridescent scales. (AC +2) [demonic ancestry]
   752 | D:1      | Reached XP level 3. HP: 15/29 MP: 3/3
  1239 | D:1      | XOM: harmless Erth miscast
  1317 | D:1      | XOM: divination: magic mapping
  1487 | D:2      | XOM: cast spell 'Summon Butterflies'
  1555 | D:2      | HP: 1/29 [poisoned by an adder]
  1555 | D:2      | Xom revived you
  1561 | D:2      | Mangled by a gnoll

Skill      XL: |  1  2 |
---------------+-------+-----
Dodging        | 1 |  1.1
Unarmed Combat | 3 |  3.5
Armour         | 2 |  2.0
Fighting       | |  3.3

Action                   || total
-------------------------++-------
Melee: Unarmed           ||   168
       Punch             ||     2
  Use: Scroll            ||     3
       Potion            ||     1
 Stab: Distracted        ||     1
  Eat: Chunk             ||     3
Armor: Leather armour    ||    94
Dodge: Dodged            ||   133
